 Dungeon Crawl Stone Soup version 0.19.5 (webtiles) character file.

102 Lizzreth the Chopper (level 4, 0/35 HPs)
             Began as a Demonspawn Chaos Knight on Mar 16, 2017.
             Killed from afar by Natasha (8 damage)
             ... with a wand of flame
             ... on level 2 of the Dungeon.
             The game lasted 00:05:01 (918 turns).

Lizzreth the Chopper (Demonspawn Chaos Knight)       Turns: 918, Time: 00:05:01

Health: 0/35       AC:  5    Str: 13    XL:     4   Next: 50%
Magic:  0/4        EV: 11    Int: 14    God:    Xom [...*..]
Gold:   60         SH:  0    Dex: 12    Spells: 0 memorised, 3 levels left

rFire  . . .     SeeInvis .     a - +0 hand axe (chaos)
rCold  . . .     Gourm    .     b - +2 leather armour
rNeg   . . .     Faith    .     (no shield)
rPois  .         Spirit   +     (no helmet)
rElec  .         Reflect  .     (no cloak)
rCorr  .         Harm     .     (no gloves)
MR     .....                    (no boots)
Stlth  +.........               p - amulet of magic regeneration
                                (no ring)
                                (no ring)

@: no status effects
A: magic shield
a: Renounce Religion


You were on level 2 of the Dungeon.
You worshipped Xom.
You were a favourite toy of Xom.
You were not hungry.

You visited 1 branch of the dungeon, and saw 2 of its levels.

You collected 60 gold pieces.

Inventory:

Hand Weapons
 a - a +0 hand axe of chaos (weapon)
Armour
 b - a +2 leather armour (worn)
Jewellery
 p - an amulet of magic regeneration (around neck)
Scrolls
 h - a scroll of teleportation {unknown}
 i - a scroll of magic mapping {unknown}
 k - a scroll of enchant weapon {unknown}
 m - a scroll of fog {unknown}
 n - a scroll of remove curse {unknown}
 q - 2 scrolls of blinking {unknown}
Potions
 e - a potion of haste {unknown}
 f - 5 potions of degeneration {unknown}
 g - a potion of curing {unknown}
 j - a potion of lignification {unknown}
 o - a potion of berserk rage {unknown}
 r - a potion of heal wounds {unknown}
Comestibles
 c - 4 bread rations
 d - a meat ration
 l - a beef jerky


   Skills:
 - Level 3.0 Fighting
 + Level 4.8 Axes
 - Level 1.7 Armour
 - Level 0.8 Dodging


You had 3 spell levels left.
You didn't know any spells.

Dungeon Overview and Level Annotations

Branches:
Dungeon (2/15)

Altars:

Annotations:
D:2 Natasha


Innate Abilities, Weirdness & Mutations

When hurt, damage is shared between your health and your magic reserves.


Message History

Natasha zaps a wand.
The puff of flame hits you!
You closely miss Natasha.
Natasha is moderately wounded.
Natasha howls an incantation.
Natasha's front paws start to glow.
Natasha claws you!
* * * LOW HITPOINT WARNING * * *
You are too injured to fight recklessly!
You are too injured to fight recklessly!
You are too injured to fight recklessly!
You are too injured to fight recklessly!
You are too injured to fight recklessly!
You hit Natasha but do no damage.
Natasha is moderately wounded.
Natasha casts a spell.
You completely miss Natasha.
Natasha is moderately wounded.
Natasha zaps a wand.
The puff of flame hits you!
You die...
Xom bursts into laughter!

...#.#...........###......)).....
.....#..#.............####.......
###).#.#..........###.....#......
###............##.<.......#.#.###
...............##.##......#...###
.........<....................†..
###†...........########....#.####
....>.........5...#####....#.#
...............h@............####
.................................
###.....##...####....######..####
###.....##.### #..### #....#
.........#...# #..# #..#.##
.........###.####.## ##....#
###......# #.......## #....#
#.....)# #####....##### ##....
#......##...<...#.....# #†...


You could see Natasha and a white imp.

Vanquished Creatures
  Ijyb (D:2)
  Natasha (D:2)
  An adder (D:2)
  2 worms (D:2)
  A leopard gecko (D:1)
  4 giant cockroaches
  3 goblins
  4 hobgoblins
  4 jackals (D:2)
  3 bats (D:1)
  2 frilled lizards
  5 kobolds
  4 rats
35 creatures vanquished.

Vanquished Creatures (collateral kills)
  A bat (D:2)
1 creature vanquished.

Grand Total: 36 creatures vanquished

Notes
Turn   | Place    | Note
-------+----------+-------------------------------------------
     0 | D:1      | Lizzreth the Demonspawn Chaos Knight began the quest for the Orb.
     0 | D:1      | Reached XP level 1. HP: 18/18 MP: 1/1
    60 | D:1      | XOM: divination: detect items
    82 | D:1      | XOM: silly message
   114 | D:1      | Reached skill level 3 in Axes
   306 | D:1      | XOM: harmless Ice miscast
   314 | D:1      | Gained mutation: When hurt, damage is shared between your health and your magic reserves. [demonic ancestry]
   314 | D:1      | Reached XP level 2. HP: 22/24 MP: 2/2
   413 | D:1      | XOM: harmless Tmut miscast
   693 | D:2      | Reached XP level 3. HP: 23/29 MP: 3/3
   719 | D:2      | XOM: butterfly on damage
   740 | D:2      | Noticed Natasha
   742 | D:2      | Noticed Ijyb
   745 | D:2      | XOM: potion effect (might)
   747 | D:2      | Killed Natasha
   747 | D:2      | Reached skill level 4 in Axes
   748 | D:2      | XOM: potion effect (heal wounds)
   752 | D:2      | Killed Ijyb
   752 | D:2      | Reached XP level 4. HP: 34/35 MP: 2/4
   911 | D:2      | Noticed Natasha
   918 | D:2      | Killed from afar by Natasha

Skill      XL: |  1  2  3 |
---------------+----------+-----
Axes           | 3 4 |  4.8
Fighting       | |  3.0
Armour         | |  1.7
Dodging        | |  0.8

Action                   |  1- 3 |  4- 6 || total
-------------------------+-------+-------++-------
Melee: Hand axe          |    74 |    33 ||   107
 Stab: Sleeping          |     1 |       ||     1
Armor: Leather armour    |    28 |     5 ||    33
Dodge: Dodged            |    46 |    13 ||    59
